 Dungeon Crawl Stone Soup version 0.31-a0-18-gea43df2a32 (webtiles) character file.

Game seed: 6724863814832188473

886 BlueFish the Conjurer (level 7, -18/61 HPs)
             Began as a Black Draconian Conjurer on May 10, 2023.
             Was an Initiate of Qazlal.
             Killed from afar by Dowan (31 damage)
             ... with a shard of ice
             ... on level 6 of the Dungeon.
             The game lasted 00:08:28 (5463 turns).

BlueFish the Conjurer (Black Draconian Conjurer)    Turns: 5463, Time: 00:08:29

Health: -18/61     AC:  6    Str:  9    XL:     7   Next: 76%
Magic:  3/12       EV: 14    Int: 20    God:    Qazlal [......]
Gold:   272        SH:  0    Dex: 22    Spells: 10/13 levels left

rFire   . . .        m - +2 whip (elec)
rCold   . . .        (no shield)
rNeg    . . .        (body armour unavailable)
rPois   .            (helmet restricted)
rElec   +            (no cloak)
rCorr   .            (no gloves)
SInv    .            (no boots)
Will    .....        (no amulet)
Stlth   +++          y - +6 ring of dexterity
HPRegen 0.30/turn    w - +6 ring of dexterity
MPRegen 0.13/turn

%: no passive effects
@: short of breath, hasted, very quick
A: breathe lightning, AC +6, unfitting armour, electricity resistance,
cold-blooded
a: Breathe Lightning, Renounce Religion


You were on level 6 of the Dungeon.
You worshipped Qazlal.
Qazlal was noncommittal.
You visited 2 branches of the dungeon, and saw 7 of its levels.

You collected 272 gold pieces.

Inventory:

Hand Weapons
 d - a +0 club
 f - a +0 dagger
 m - a +2 whip of electrocution (weapon)
Jewellery
 r - a ring of positive energy
 w - a +6 ring of dexterity (right hand)
 y - a +6 ring of dexterity (left hand)
 A - a ring of willpower
Wands
 t - a wand of mindburst (15)
Scrolls
 h - 3 scrolls of teleportation
 i - a scroll of enchant weapon {unknown}
 o - a scroll of magic mapping {unknown}
 q - a scroll of enchant armour {unknown}
 u - a scroll of immolation
 v - a scroll of fear
 B - a scroll of amnesia {unknown}
Potions
 a - a potion of magic
 c - 2 potions of curing
 e - a potion of cancellation {unknown}
 g - a potion of resistance {unknown}
 j - a potion of mutation {unknown}
 l - 2 potions of haste
 n - 2 potions of flight
 p - 2 potions of heal wounds {unknown}
 s - a potion of berserk rage {unknown}
 x - a potion of brilliance {unknown}
 z - a potion of attraction {unknown}
 C - a potion of lignification {unknown}


   Skills:
 * Level 5.1 Fighting
 + Level 2.5 Maces & Flails
 + Level 3.5 Dodging
 + Level 3.5 Stealth
 + Level 3.5 Spellcasting
 + Level 5.2 Conjurations
 + Level 0.8 Invocations
 + Level 0.7 Evocations


You had 10 spell levels left.
You knew the following spells:

 Your Spells              Type           Power      Damage    Failure   Level
a - Magic Dart            Conj           96%        1d7       1%          1
b - Searing Ray           Conj           48%        2d6       2%          2

Your spell library contained the following spells:

 Spells                   Type           Power      Damage    Failure   Level
 Dazzling Flash           Conj/Hex       26%        N/A       14%         3
 Ozocubu's Armour         Ice            3%         N/A       38%         3
 Fulminant Prism          Conj/Hex       6%         3d6       43%         4
 Iskenderun's Mystic Bla  Conj/Tloc      13%        2d5       43%         4
 Ozocubu's Refrigeration  Ice            1%         4d7       100%        7


Dungeon Overview and Level Annotations

Branches:
Dungeon (6/15)             Temple (1/1) D:5

Altars:
Ashenzari
Dithmenos
Elyvilon
Fedhas
Hepliaklqana
Kikubaaqudgha
Makhleb
Nemelex Xobeh
Okawaru
Qazlal
Ru
Sif Muna
Trog
Uskayaw
Vehumet
Wu Jian
Xom
Yredelemnul
Zin
The Shining One

Annotations:
D:4 1 runed translucent door, nononono's ghost, weakling VSBr
D:6 Dowan


Innate Abilities, Weirdness & Mutations

You can breathe wild blasts of lightning.
Your glossy black scales are hard. (AC +6)
You cannot fit into any form of body armour.
You are resistant to electric shocks. (rElec)
You are cold-blooded and may be slowed by cold attacks.


Message History

The searing ray misses Dowan.
Dowan gestures at Duvessa while chanting.
Duvessa seems to speed up.
Duvessa hits you with a +0 short sword!
The searing ray misses Dowan.
You finish channelling your searing ray.
Duvessa says, "Beauty is only skin deep, and my weapons penetrate much further than that."
Duvessa hits you but does no damage. Dowan gestures at you while chanting.
You resist with some effort. Duvessa hits you with a +0 short sword.
Duvessa closely misses you. Duvessa attacks as you move away!
Duvessa hits you with a +0 short sword!
* * * LOW HITPOINT WARNING * * *
Duvessa says, "Where magic fails, the sword succeeds!"
Duvessa closely misses you.
You feel yourself speed up.
Duvessa says, "Where magic fails, the sword succeeds!"
Duvessa completely misses you.
Casting: Searing Ray (safe; 2% risk of failure)
Confirm with . or Enter, or press ? or * to list all spells.
Aiming: Searing Ray (safe; 2% risk of failure)
Press: ? - help, Shift-Dir - straight line, f/p - Dowan
Aim: Dowan, wielding a +0 dagger and wearing a +0 robe (moderately wounded, 71% to hit)
Okay, then.
Activating: Breathe Lightning (5% risk of failure)
Press: ? - help, Dir - look around, f - activate You breathe a wild blast of lightning!
The bolt of lightning hits Duvessa but does no damage.
Duvessa is heavily wounded.
The orb of electricity explodes!
The orb of electricity engulfs you. You resist.
* * * LOW HITPOINT WARNING * * *
The orb of electricity engulfs Duvessa!!
You kill Duvessa!
Qazlal accepts your kill.
Dowan screams, "No!
Oh no!"
Dowan seems to find hidden reserves of power!
Dowan points at you and mumbles some strange words.
The shard of ice hits you!!
Ouch! That really hurt!
You die...

###########################
.........)@................
.......e###################
......... ..........#....#
.........# #########.#.#..#
##...###.. ................
#... ... .#.....#.##...#
...# #### #.....#.##.#.#
### . #.#...#.#.##.#.#
...#.#........#...#


You could see Dowan (fast).

Vanquished Creatures
  Prince Ribbit (D:5)
  Duvessa (D:6)
  A black bear (D:6)
  An ice beast (D:6)
  An ogre (D:5)
  A scorpion (D:5)
  A hound (D:5)
  3 iguanas
  3 orc wizards (D:5)
  7 adders
  An ufetubus (D:4)
  A worm (D:3)
  5 dart slugs
  8 orcs
  3 ball pythons
  9 endoplasms
  7 giant cockroaches
  7 goblins
  7 hobgoblins
  7 jackals
  5 quokkas
  8 bats
  4 frilled lizards
  8 kobolds
  7 rats
107 creatures vanquished.

Notes
Turn   | Place    | Note
-------+----------+-------------------------------------------
     0 | D:1      | BlueFish the Draconian Conjurer began the quest for the
                  | Orb.
     0 | D:1      | Reached XP level 1. HP: 14/14 MP: 3/3
   162 | D:1      | Reached skill level 1 in Fighting
   162 | D:1      | Reached XP level 2. HP: 9/23 MP: 0/5
   319 | D:1      | Learned a level 2 spell: Searing Ray
   915 | D:1      | Reached XP level 3. HP: 29/29 MP: 3/6
  1471 | D:2      | Reached XP level 4. HP: 36/36 MP: 4/7
  2364 | D:3      | Found a glowing golden altar of the Shining One.
  2386 | D:3      | Found a radiant altar of Vehumet.
  2397 | D:3      | Found a shimmering blue altar of Sif Muna.
  2397 | D:3      | Found a sacrificial altar of Ru.
  2398 | D:3      | Found a white marble altar of Elyvilon.
  2523 | D:3      | Found a basalt altar of Yredelemnul.
  2853 | D:4      | Found a runed translucent door.
  2855 | D:4      | Noticed nononono's ghost (weakling VSBr)
  2860 | D:4      | Noticed a steam dragon
  3075 | D:4      | Reached XP level 5. HP: 44/44 MP: 5/8
  3473 | D:4      | Reached skill level 1 in Maces & Flails
  4190 | D:5      | Entered Level 5 of the Dungeon
  4198 | D:5      | Reached XP level 6. HP: 45/51 MP: 4/10
  4283 | D:5      | Found a staircase to the Ecumenical Temple.
  4316 | D:5      | Identified the +5 long sword "Tomickau" {drain, rF+ Str+2
                  | Int+3}
  4874 | D:5      | Noticed Prince Ribbit
  5131 | D:5      | Killed Prince Ribbit
  5132 | D:5      | Reached skill level 5 in Conjurations
  5132 | D:5      | Your scales start taking on a glossy black colour.
  5132 | D:5      | Reached XP level 7. HP: 60/60 MP: 5/12
  5132 | D:5      | Gained mutation: You are resistant to electric shocks.
                  | (rElec) [Black Draconian growth]
  5185 | Temple   | Entered the Ecumenical Temple
  5255 | Temple   | Became a worshipper of Qazlal Stormbringer
  5325 | D:6      | Noticed Dowan
  5403 | D:6      | Reached skill level 5 in Fighting
  5441 | D:6      | Noticed Duvessa
  5463 | D:6      | Killed Duvessa
  5463 | D:6      | Killed from afar by Dowan

Illustrated notes

Levels and vault maps discovered:
D:1:      ebering_hopf_link, layout_basic
D:2:      minmay_spotlight, layout_rooms, kennysheep_cluttered_room,
          minmay_pentomino_q4
D:3:      layout_basic, mainiacjoe_overflow_boulevard,
          chequers_temple_overflow_statue_of_worship,
          mainiacjoe_overflow_catwalk, dk_vineyard_3
D:4:      layout_loops_corners, ebering_ghost_inner_flame
D:5:      layout_rooms, minmay_temple_entry_statues_fountains,
          uniq_prince_ribbit1
D:6:      layout_basic, minmay_manual_macuahuitl, uniq_duvessa
Temple:   jpeg_temple_clearing

Skill      XL: |  1  2  3  4  5  6  7 |
---------------+----------------------+-----
Fighting       | 1 2 3 4 5 |  5.1
Stealth        | 2 3 |  3.5
Dodging        | 2 3 |  3.5
Maces & Flails | 1 2 |  2.5
Spellcasting   | 3 |  3.5
Conjurations   | 5 |  5.2
Invocations    | |  0.8
Evocations     | |  0.7

Action                     |  1- 3 |  4- 6 |  7- 9 || total
---------------------------+-------+-------+-------++-------
  Melee: Unarmed           |    30 |       |       ||    30
         Tailslap          |     5 |     9 |       ||    14
         Dagger            |    10 |       |       ||    10
         Whip              |     1 |    81 |    10 ||    92
   Cast: Magic Dart        |    79 |   104 |     3 ||   186
         Searing Ray       |       |     9 |     4 ||    13
Ability: Breathe Lightning |       |       |     1 ||     1
    Use: Scroll            |     1 |     6 |       ||     7
         Potion            |       |       |     1 ||     1
 Armour: Skin              |     5 |    25 |     3 ||    33
  Dodge: Dodged            |    24 |    50 |     6 ||    80

Table legend: (Time is in decaauts)
 A = Elapsed time spent in this place.
 B = Non-inter-level travel time spent in this place.
 C = Inter-level travel time spent in this place.
 D = Time resting spent in this place.
 E = Time spent auto-exploring this place.
 F = Levels seen in this place.
 G = Mean time per level.
                   A        B        C        D        E       F      G
               +--------+--------+--------+--------+--------+-----+--------+
         Total |   5467 |   5261 |    206 |     78 |   4433 |   7 |  781.0 |
       Dungeon |   5376 |   5190 |    186 |     78 |   4387 |   6 |  896.0 |
        Temple |     90 |     70 |     20 |      0 |     46 |   1 |   90.0 |
               +--------+--------+--------+--------+--------+-----+--------+

Top non-repeatable levels by time:
     D:4: 1355 daAuts
     D:1: 1168 daAuts
     D:2: 1035 daAuts
     D:5: 1013 daAuts
     D:3: 635 daAuts
     D:6: 169 daAuts
  Temple: 90 daAuts
